TOP OF THE 1ST |
Louisiana State University Tigers batting - Pitching for University of Oklahoma Sooners : LHP Logan Watson
|
Pitching: LHP Logan Watson
|
|
Batting: LHB Elijah Mallandain
|
0-0: Ball 1-0: Foul Ball, location: 2F 1-1: Ball 2-1: Swinging Strike 2-2: Ball 3-2: SINGLE (Line Drive, 9LS, EV 101.9 MPH)
|
Batting: RHB Leo Roldan
|
0-0: Fielders Choice at 2nd, 4-6 (Groundball, 4, EV 100.6 MPH)
|
Batting: RHB Stewart Walker
|
0-0: Ball 1-0: Ball 2-0: Grounds into double play, 4-6-3 (Groundball, 4, EV 83.1 MPH)
|
Top of the 1st over - 0 runs, 1 hit, 0 errors, 0 left on base; Louisiana State University 0 - University of Oklahoma 0 |
BOTTOM OF THE 1ST |
University of Oklahoma Sooners batting - Pitching for Louisiana State University Tigers : RHP Sal Ganzalez
|
Pitching: RHP Sal Ganzalez
|
|
Batting: LHB Alex Benabides
|
0-0: Foul Ball, location: 2F 0-1: Swinging Strike 0-2: Ball 1-2: Ground out 1-3 (Groundball, 13S, EV 73.8 MPH)
|
Batting: RHB Jesus Montoya
|
0-0: Ground out 5-3 (Groundball, 56, EV 80.0 MPH)
|
Batting: RHB Jon Chatman
|
0-0: Ball 1-0: Ball 2-0: Called Strike 2-1: Ball 3-1: Base on Balls
|
Batting: LHB Alex Gutierrez
|
0-0: Ball Jon Chatman steals 2nd base 1-0: Called Strike 1-1: Ball 2-1: Ground out 6-3 (Groundball, 6M, EV 81.9 MPH)
|
Bottom of the 1st over - 0 runs, 0 hits, 0 errors, 1 left on base; Louisiana State University 0 - University of Oklahoma 0 |
TOP OF THE 2ND |
Louisiana State University Tigers batting - Pitching for University of Oklahoma Sooners : LHP Logan Watson
|
Batting: RHB D.J. Ganz
|
0-0: Ball 1-0: Ball 2-0: Called Strike 2-1: Ball 3-1: Fly out, F8 (Flyball, 8RM, EV 93.8 MPH)
|
Batting: RHB Keith Ashton
|
0-0: Ball 1-0: Foul Ball, location: 2F 1-1: Ball 2-1: Ball 3-1: Foul Ball, location: 2F 3-2: Base on Balls
|
Batting: LHB Matt Ellington
|
0-0: Ball 1-0: Called Strike 1-1: Called Strike 1-2: Ball 2-2: Foul Ball, location: 2F 2-2: Strikes out looking
|
Batting: LHB Manny Grado
|
0-0: Fielders Choice at 2nd, 5-4 (Groundball, 56, EV 109.4 MPH)
|
Top of the 2nd over - 0 runs, 0 hits, 0 errors, 1 left on base; Louisiana State University 0 - University of Oklahoma 0 |
BOTTOM OF THE 2ND |
University of Oklahoma Sooners batting - Pitching for Louisiana State University Tigers : RHP Sal Ganzalez
|
Batting: RHB Ruben Arreola
|
0-0: SINGLE (Flyball, 56D, EV 92.5 MPH)
|
Batting: LHB Cameron Marinelli
|
0-0: Called Strike 0-1: Called Strike 0-2: Foul Ball, location: 2F 0-2: Foul Ball, location: 2F 0-2: Strikes out looking
|
Batting: RHB Victor Borras
|
0-0: Foul Ball, location: 2F 0-1: Ball 1-1: Foul Ball, location: 2F 1-2: SINGLE (Groundball, 4MD, EV 104.4 MPH) Ruben Arreola to second
|
Batting: RHB Eric Peterson
|
0-0: Called Strike 0-1: 3-RUN HOME RUN (Flyball, 89XD, EV 115.6 MPH), Distance : 433 ft
|
Batting: RHB Sam Mason
|
0-0: Ball 1-0: Ball 2-0: Ball 3-0: Base on Balls
|
Batting: LHB Alex Benabides
|
0-0: Fly out, F6 (Line Drive, 56D, EV 65.0 MPH)
|
Batting: RHB Jesus Montoya
|
0-0: Called Strike 0-1: Ball 1-1: Ground out 4-3 (Groundball, 34, EV 90.6 MPH)
|
Bottom of the 2nd over - 3 runs, 3 hits, 0 errors, 1 left on base; Louisiana State University 0 - University of Oklahoma 3 |
TOP OF THE 3RD |
Louisiana State University Tigers batting - Pitching for University of Oklahoma Sooners : LHP Logan Watson
|
Batting: SHB Brian Caruso
|
0-0: Called Strike 0-1: Foul Ball, location: 2F 0-2: Strikes out looking
|
Batting: RHB Byung-hee Jee
|
0-0: Swinging Strike 0-1: Swinging Strike 0-2: Foul Ball, location: 2F 0-2: Ball 1-2: Strikes out swinging
|
Batting: LHB Elijah Mallandain
|
0-0: Ball 1-0: Ball 2-0: Ball 3-0: Base on Balls
|
Batting: RHB Leo Roldan
|
0-0: SINGLE (Flyball, 34D, EV 88.1 MPH) Elijah Mallandain to second Runner from 2nd tries for 3rd, SAFE, throw by RF made to third
|
Batting: RHB Stewart Walker
|
0-0: Called Strike 0-1: Swinging Strike 0-2: Ball 1-2: Ball 2-2: Foul Ball, location: 2F 2-2: Strikes out swinging
|
Top of the 3rd over - 0 runs, 1 hit, 0 errors, 2 left on base; Louisiana State University 0 - University of Oklahoma 3 |
BOTTOM OF THE 3RD |
University of Oklahoma Sooners batting - Pitching for Louisiana State University Tigers : RHP Sal Ganzalez
|
Batting: RHB Jon Chatman
|
0-0: Called Strike 0-1: Fly out, F5 (Popup, 5F, EV 69.4 MPH)
|
Batting: LHB Alex Gutierrez
|
0-0: Called Strike 0-1: Ball 1-1: Ball 2-1: Ground out 6-3 (Groundball, 6D, EV 96.9 MPH)
|
Batting: RHB Ruben Arreola
|
0-0: Ball 1-0: Foul Ball, location: 2F 1-1: Foul Ball, location: 2F 1-2: Fly out, F7 (Flyball, 7D, EV 102.5 MPH)
|
Bottom of the 3rd over - 0 runs, 0 hits, 0 errors, 0 left on base; Louisiana State University 0 - University of Oklahoma 3 |
TOP OF THE 4TH |
Louisiana State University Tigers batting - Pitching for University of Oklahoma Sooners : LHP Logan Watson
|
Batting: RHB D.J. Ganz
|
0-0: Ball 1-0: Swinging Strike 1-1: Ball 2-1: Ball 3-1: Swinging Strike 3-2: Foul Ball, location: 2F 3-2: Strikes out swinging
|
Batting: RHB Keith Ashton
|
0-0: Called Strike 0-1: Foul Ball, location: 2F 0-2: Fly out, F5 (Popup, 5, EV 75.6 MPH)
|
Batting: LHB Matt Ellington
|
0-0: Called Strike 0-1: Ball 1-1: Ball 2-1: DOUBLE (Line Drive, 78M, EV 89.4 MPH)
|
Batting: LHB Manny Grado
|
0-0: Called Strike 0-1: Foul Ball, location: 2F 0-2: Fly out, F8 (Flyball, 8LXD, EV 86.9 MPH)
|
Top of the 4th over - 0 runs, 1 hit, 0 errors, 1 left on base; Louisiana State University 0 - University of Oklahoma 3 |
BOTTOM OF THE 4TH |
University of Oklahoma Sooners batting - Pitching for Louisiana State University Tigers : RHP Sal Ganzalez
|
Batting: LHB Cameron Marinelli
|
0-0: Swinging Strike 0-1: Ground out 6-3 (Groundball, 6M, EV 90.0 MPH)
|
Batting: RHB Victor Borras
|
0-0: SINGLE (Groundball, 56D, EV 104.4 MPH)
|
Batting: RHB Eric Peterson
|
0-0: Swinging Strike 0-1: Foul Ball, location: 2F 0-2: Ball 1-2: Strikes out swinging
|
Batting: RHB Sam Mason
|
0-0: Called Strike 0-1: Swinging Strike 0-2: Strikes out swinging
|
Bottom of the 4th over - 0 runs, 1 hit, 0 errors, 1 left on base; Louisiana State University 0 - University of Oklahoma 3 |
TOP OF THE 5TH |
Louisiana State University Tigers batting - Pitching for University of Oklahoma Sooners : LHP Logan Watson
|
Batting: SHB Brian Caruso
|
0-0: Swinging Strike 0-1: Foul Ball, location: 2F 0-2: Strikes out looking
|
Batting: RHB Byung-hee Jee
|
0-0: Ball 1-0: Ball 2-0: Ball 3-0: Base on Balls
|
Batting: LHB Elijah Mallandain
|
0-0: Ball 1-0: Ball 2-0: Called Strike 2-1: Foul Ball, location: 2F 2-2: Ball 3-2: Ground out U3 (Groundball, 3L, EV 86.9 MPH) Byung-hee Jee to second
|
Batting: RHB Leo Roldan
|
0-0: Called Strike 0-1: Foul Ball, location: 2F 0-2: Ground out 4-3 (Groundball, 34D, EV 84.4 MPH)
|
Top of the 5th over - 0 runs, 0 hits, 0 errors, 1 left on base; Louisiana State University 0 - University of Oklahoma 3 |
BOTTOM OF THE 5TH |
University of Oklahoma Sooners batting - Pitching for Louisiana State University Tigers : RHP Sal Ganzalez
|
Batting: LHB Alex Benabides
|
0-0: Ground out 4-3 (Groundball, 4S, EV 87.5 MPH)
|
Batting: RHB Jesus Montoya
|
0-0: Foul Ball, location: 2F 0-1: Ball 1-1: Ball 2-1: Foul Ball, location: 2F 2-2: Ground out 6-3 (Groundball, 56, EV 105.0 MPH)
|
Batting: RHB Jon Chatman
|
0-0: Ball 1-0: Called Strike 1-1: Ball 2-1: Ball 3-1: Foul Ball, location: 2F 3-2: Base on Balls
|
Batting: LHB Alex Gutierrez
|
0-0: Ball 1-0: Foul Ball, location: 2F 1-1: Called Strike 1-2: Ball 2-2: Ball 3-2: Base on Balls Jon Chatman to second
|
Batting: RHB Ruben Arreola
|
0-0: Ball 1-0: Called Strike 1-1: Ball 2-1: Ball 3-1: Foul Ball, location: 2F 3-2: Foul Ball, location: 2F 3-2: Foul Ball, location: 2F 3-2: Base on Balls Jon Chatman to third Alex Gutierrez to second
|
Batting: LHB Cameron Marinelli
|
0-0: Called Strike 0-1: Ground out 4-3 (Groundball, 34, EV 84.4 MPH)
|
Bottom of the 5th over - 0 runs, 0 hits, 0 errors, 3 left on base; Louisiana State University 0 - University of Oklahoma 3 |
TOP OF THE 6TH |
Louisiana State University Tigers batting - Pitching for University of Oklahoma Sooners : LHP Logan Watson
|
Batting: RHB Stewart Walker
|
0-0: Swinging Strike 0-1: Ground out 6-3 (Groundball, 56, EV 105.0 MPH)
|
Batting: RHB D.J. Ganz
|
0-0: Called Strike 0-1: Ball 1-1: Ball 2-1: Swinging Strike 2-2: Ball 3-2: Foul Ball, location: 2F 3-2: Ground out 6-3 (Groundball, 6, EV 83.8 MPH)
|
Batting: RHB Keith Ashton
|
0-0: Called Strike 0-1: Ball 1-1: Ground out 6-3 (Groundball, 6, EV 83.1 MPH)
|
Top of the 6th over - 0 runs, 0 hits, 0 errors, 0 left on base; Louisiana State University 0 - University of Oklahoma 3 |
BOTTOM OF THE 6TH |
University of Oklahoma Sooners batting - Pitching for Louisiana State University Tigers : RHP Sal Ganzalez
|
Batting: RHB Victor Borras
|
0-0: Swinging Strike 0-1: Ball 1-1: Foul Ball, location: 2F 1-2: SINGLE (Line Drive, 6M, EV 98.8 MPH)
|
Pitching: RHP Rogelio Rivera
|
|
Batting: RHB Eric Peterson
|
0-0: Ball 1-0: Called Strike 1-1: Swinging Strike 1-2: Strikes out swinging
|
Batting: RHB Sam Mason
|
0-0: Called Strike 0-1: Ball 1-1: Ball 2-1: Ball 3-1: Base on Balls Victor Borras to second
|
Batting: LHB Alex Benabides
|
0-0: Called Strike 0-1: Swinging Strike 0-2: Ball 1-2: Ball 2-2: Strikes out swinging
|
Batting: RHB Jesus Montoya
|
0-0: Called Strike 0-1: Foul Ball, location: 2F 0-2: SINGLE (Line Drive, 56, EV 110.0 MPH) Victor Borras to third Sam Mason to second Runner from 3rd tries for Home, SAFE, throw by LF to home
|
Batting: RHB Jon Chatman
|
0-0: Ball 1-0: Foul Ball, location: 2F 1-1: Foul Ball, location: 2F 1-2: SINGLE (Line Drive, 78S, EV 96.2 MPH) Sam Mason to third Jesus Montoya to second
|
Batting: LHB Alex Gutierrez
|
0-0: Called Strike 0-1: Called Strike 0-2: Strikes out swinging
|
Bottom of the 6th over - 1 run, 3 hits, 0 errors, 3 left on base; Louisiana State University 0 - University of Oklahoma 4 |
TOP OF THE 7TH |
Louisiana State University Tigers batting - Pitching for University of Oklahoma Sooners : LHP Logan Watson
|
Batting: LHB Matt Ellington
|
0-0: Called Strike 0-1: Swinging Strike 0-2: Foul Ball, location: 2F 0-2: Foul Ball, location: 2F 0-2: Foul Ball, location: 2F 0-2: Ball 1-2: Ball 2-2: Strikes out swinging
|
Batting: LHB Manny Grado
|
0-0: Foul Ball, location: 2F 0-1: Ball 1-1: Ball 2-1: Ball 3-1: Foul Ball, location: 2F 3-2: Base on Balls
|
Batting: SHB Brian Caruso
|
0-0: Called Strike 0-1: Swinging Strike 0-2: Strikes out swinging
|
Batting: RHB Byung-hee Jee
|
0-0: Ball 1-0: Ball 2-0: Swinging Strike 2-1: Single, Error in OF, E9, batter to second base (Line Drive, 34D, EV 107.5 MPH) Manny Grado to third
|
Batting: LHB Elijah Mallandain
|
0-0: Called Strike 0-1: Ball 1-1: Called Strike 1-2: Foul Ball, location: 2F 1-2: Strikes out looking
|
Top of the 7th over - 0 runs, 1 hit, 1 error, 2 left on base; Louisiana State University 0 - University of Oklahoma 4 |
BOTTOM OF THE 7TH |
University of Oklahoma Sooners batting - Pitching for Louisiana State University Tigers : RHP Rogelio Rivera
|
Pitching: LHP Clyde Fisher
|
|
Batting: RHB Ruben Arreola
|
0-0: Ball 1-0: Called Strike 1-1: Foul Ball, location: 2F 1-2: Strikes out swinging
|
Batting: LHB Cameron Marinelli
|
0-0: Called Strike 0-1: Called Strike 0-2: Strikes out swinging
|
Batting: RHB Victor Borras
|
0-0: Ball 1-0: Called Strike 1-1: Swinging Strike 1-2: Foul Ball, location: 2F 1-2: Ball 2-2: Strikes out swinging
|
Bottom of the 7th over - 0 runs, 0 hits, 0 errors, 0 left on base; Louisiana State University 0 - University of Oklahoma 4 |
TOP OF THE 8TH |
Louisiana State University Tigers batting - Pitching for University of Oklahoma Sooners : LHP Logan Watson
|
Pitching: RHP Arjan van den Hurk
|
|
Batting: RHB Leo Roldan
|
0-0: Called Strike 0-1: Ball 1-1: Ball 2-1: Foul Ball, location: 2F 2-2: Strikes out swinging
|
Batting: RHB Stewart Walker
|
0-0: Called Strike 0-1: Ball 1-1: Ball 2-1: Called Strike 2-2: Strikes out looking
|
Batting: RHB D.J. Ganz
|
0-0: SINGLE (Groundball, 4D, EV 96.2 MPH)
|
Batting: RHB Keith Ashton
|
0-0: Called Strike 0-1: Foul Ball, location: 2F 0-2: Fly out, F9 (Flyball, 89M, EV 92.5 MPH)
|
Top of the 8th over - 0 runs, 1 hit, 0 errors, 1 left on base; Louisiana State University 0 - University of Oklahoma 4 |
BOTTOM OF THE 8TH |
University of Oklahoma Sooners batting - Pitching for Louisiana State University Tigers : LHP Clyde Fisher
|
Batting: RHB Eric Peterson
|
0-0: Fly out, F7 (Flyball, 78S, EV 84.4 MPH)
|
Batting: RHB Sam Mason
|
0-0: Called Strike 0-1: Swinging Strike 0-2: Foul Ball, location: 2F 0-2: Ball 1-2: Strikes out looking
|
Batting: LHB Alex Benabides
|
0-0: Called Strike 0-1: Ball 1-1: Foul Ball, location: 2F 1-2: Strikes out swinging
|
Bottom of the 8th over - 0 runs, 0 hits, 0 errors, 0 left on base; Louisiana State University 0 - University of Oklahoma 4 |
TOP OF THE 9TH |
Louisiana State University Tigers batting - Pitching for University of Oklahoma Sooners : RHP Arjan van den Hurk
|
Batting: LHB Matt Ellington
|
0-0: Ball 1-0: Ground out 4-3 (Groundball, 4S, EV 80.0 MPH)
|
Batting: LHB Manny Grado
|
0-0: Ball 1-0: Swinging Strike 1-1: Ball 2-1: Foul Ball, location: 2F 2-2: Ground out 4-3 (Groundball, 34, EV 88.1 MPH)
|
Batting: SHB Brian Caruso
|
0-0: Ball 1-0: Called Strike 1-1: Ball 2-1: Foul Ball, location: 2F 2-2: Strikes out looking
|
Top of the 9th over - 0 runs, 0 hits, 0 errors, 0 left on base; Louisiana State University 0 - University of Oklahoma 4 |
|